 Dungeon Crawl Stone Soup version 0.30-a0-7-g94fe547ab8 (webtiles) character file.

Game seed: 16618216499611983760

55 Plasmagod the Insei (level 3, -3/26 HPs)
             Began as a Merfolk Transmuter on Aug 23, 2022.
             Slain by Robin
             ... wielding a +0 falchion
              (7 damage)
             ... on level 3 of the Dungeon.
             The game lasted 00:02:43 (1881 turns).

Plasmagod the Insei (Merfolk Transmuter)            Turns: 1881, Time: 00:02:43

Health: -3/26      AC:  3    Str: 16    XL:     3   Next: 93%
Magic:  5/6        EV: 12    Int: 14    God:
Gold:   87         SH:  0    Dex: 14    Spells: 5/6 levels left

rFire   . . .      SeeInvis .      - Unarmed
rCold   . . .      Faith    .    (no shield)
rNeg    . . .      Spirit   .    a - +0 robe
rPois   .          Reflect  .    (helmet currently unavailable)
rElec   .          Harm     .    (no cloak)
rCorr   .          Rampage  .    c - +0 pair of gloves
Will    .....                    (boots currently unavailable)
Stlth   +.........               (no amulet)
HPRegen 0.08/turn                k - +6 ring of strength
MPRegen 0.10/turn                (no ring)

@: appendages
A: horns 2, (nimble swimmer 2), mertail
a: End Transformation


You were on level 3 of the Dungeon.
You had temporarily grown beastly horns.
You visited 1 branch of the dungeon, and saw 3 of its levels.

You collected 87 gold pieces.

Inventory:

Armour
 a - a +0 robe (worn)
 c - a +0 pair of gloves (worn)
Jewellery
 k - a +6 ring of strength (left hand)
Scrolls
 d - a scroll of poison {unknown}
 e - a scroll of identify {unknown}
 f - a scroll of enchant weapon {unknown}
 g - a scroll of vulnerability {unknown}
 l - a scroll of blinking {unknown}
 m - a scroll of fear {unknown}
Potions
 b - a potion of lignification
 h - a potion of brilliance {unknown}
 i - 2 potions of curing {unknown}
 j - a potion of haste {unknown}


   Skills:
 - Level 1.1 Fighting
 - Level 2.6 Dodging
 + Level 5.2 Unarmed Combat
 - Level 2.0 Spellcasting
 - Level 2.6 Transmutations


You had 5 spell levels left.
You knew the following spells:

 Your Spells              Type           Power      Damage    Failure   Level
a - Beastly Appendage     Tmut           16%        N/A       8%          1

Your spell library contained the following spells:

 Spells                   Type           Power      Damage    Failure   Level
 Wereblood                Tmut           8%         N/A       12%         2
 Magic Dart               Conj           4%         1d3       24%         1
 Sandblast                Erth           2%         2d4       24%         1
 Call Imp                 Summ           1%         N/A       34%         2
 Spider Form              Tmut/Pois      5%         N/A       38%         3
 Mephitic Cloud           Conj/Pois/Air  1%         N/A       56%         3
 Ice Form                 Ice/Tmut       5%         N/A       80%         4
 Animate Armour           Summ/Erth      2%         N/A       93%         4
 Leda's Liquefaction      Hex/Erth       0%         N/A       93%         4
 Necromutation            Tmut/Necr      2%         N/A       100%        8


Dungeon Overview and Level Annotations

Branches:
Dungeon (3/15)

Altars:

Annotations:
D:3 Robin


Innate Abilities, Weirdness & Mutations

You have temporarily grown beastly horns.
((You are very nimble when in or above water. (Stealth+, EV+, Speed+++)))
Your lower body shifts to a powerful aquatic tail in water.


Message History

You punch the hobgoblin!
You kill the hobgoblin!
You completely miss the goblin. The goblin closely misses you.
You closely miss the goblin. The goblin hits you but does no damage.
You barely miss the goblin. You headbutt the goblin.
You kill the goblin!
You barely miss the goblin. The goblin barely misses you.
Robin throws the goblin at you!
The goblin unwields a +0 sling.
The goblin wields a +0 club.
The goblin hits you with a +0 club.
You closely miss the goblin. The goblin closely misses you.
You punch the goblin!
You kill the goblin!
The goblin hits you but does no damage.
Robin roars a battlecry!
The goblin goes into a battle-frenzy!
You hit the goblin.
You kill the goblin!
You hit Robin but do no damage. Your headbutt misses Robin.
Your horns disappear.
Robin throws the goblin at you!
You closely miss the goblin. You closely miss the goblin.
The goblin barely misses you. Robin closely misses you.
You are too injured to fight recklessly!
Casting: Beastly Appendage (safe; 8% risk of failure)
Confirm with . or Enter, or press ? or * to list all spells.
You grow a pair of large bovine horns.
The goblin hits you but does no damage. Robin hits you with a +0 falchion.
* * * LOW HITPOINT WARNING * * *
You punch the goblin!
You kill the goblin!
Robin barely misses you.
You hit Robin.
Robin is lightly wounded.
Robin hits you with a +0 falchion.
* * * LOW HITPOINT WARNING * * *
You barely miss Robin.
Robin is lightly wounded.
Robin hits you with a +0 falchion!
You die...

#..... #..... #.##.#
#.##.##.# #.##.##.#
#.##.##.### #.##)##...
. #<##@##.# ...
#.##g#..#####g.##
#.####.##..#.....g....
#............g$).:.#
######.............#
######.######## ###


You could see Robin.

Vanquished Creatures
  A dart slug (D:1)
  6 ball pythons (D:1)
  3 endoplasms
  A giant cockroach (D:2)
  9 goblins
  8 hobgoblins
  4 jackals (D:2)
  A quokka (D:1)
  2 bats (D:1)
  3 frilled lizards (D:1)
  4 kobolds
  3 rats
45 creatures vanquished.

Notes
Turn   | Place    | Note
-------+----------+-------------------------------------------
     0 | D:1      | Plasmagod the Merfolk Transmuter began the quest for the
                  | Orb.
     0 | D:1      | Reached XP level 1. HP: 15/15 MP: 3/3
   273 | D:1      | Reached XP level 2. HP: 13/21 MP: 3/5
   392 | D:1      | Reached skill level 4 in Unarmed Combat
   943 | D:1      | Reached XP level 3. HP: 24/26 MP: 4/6
  1535 | D:2      | Got the Anthology of Grounded Reformation
  1847 | D:3      | Noticed Robin
  1848 | D:3      | Reached skill level 5 in Unarmed Combat
  1881 | D:3      | Slain by Robin

Illustrated notes

Levels and vault maps discovered:
D:1:      minmay_arrival_radiant_lines, layout_basic
D:2:      layout_loops_ring
D:3:      layout_loops_ring, lemuel_crystal_altar, zin_angel, chequers_jeans,
          uniq_robin

Skill      XL: |  1  2  3 |
---------------+----------+-----
Unarmed Combat | 4 5 |  5.2
Fighting       | |  1.1
Dodging        | |  2.6
Spellcasting   | |  2.0
Transmutations | |  2.6

Action                   || total
-------------------------++-------
Melee: Unarmed           ||   119
       Headbutt          ||    11
       Punch             ||     3
 Cast: Beastly Appendage ||    25
Armor: Robe              ||    25
Dodge: Dodged            ||    67

Table legend: (Time is in decaauts)
 A = Elapsed time spent in this place.
 B = Non-inter-level travel time spent in this place.
 C = Inter-level travel time spent in this place.
 D = Time resting spent in this place.
 E = Time spent auto-exploring this place.
 F = Levels seen in this place.
 G = Mean time per level.
                   A        B        C        D        E       F      G
               +--------+--------+--------+--------+--------+-----+--------+
         Total |   1870 |   1843 |     27 |      0 |   1579 |   3 |  623.3 |
       Dungeon |   1870 |   1843 |     27 |      0 |   1579 |   3 |  623.3 |
               +--------+--------+--------+--------+--------+-----+--------+

Top non-repeatable levels by time:
     D:1: 1213 daAuts
     D:2: 611 daAuts
     D:3: 45 daAuts
